Map: Dusk Towers

Players

Shura (Scarlett)

  • Race: Zerg Zerg

DeMusliM - Winner!

  • Race: Terran Terran
  • League: Grandmaster

Event: Homestory Cup XII

VOD

Have the link to the VOD?

Description

Time

  • Played on: Dec. 17, 2015, 2:42 p.m.
  • Length: 10:06

All games in this series

Show
View Real Time Build Order
Export as new Build Order

Shura Zerg 

Build Orders: Hatch First 

Get SALT Encoding   

  12  0:00  Drone  
  13  0:12  Overlord  
  13  0:17  Drone  
  14  0:30  Drone  
  14  0:31  Drone  
  16  0:37  Drone  
  17  0:45  Drone  
  18  0:55  Hatchery  
  17  0:57  Drone  
  18  1:11  Spawning Pool  
  17  1:12  Drone  
  18  1:18  Drone  
  19  1:29  Drone  
  20  1:37  Hatchery  
  19  1:42  Drone  
  20  1:50  Overlord  
  20  2:00  Zergling x2  
  21  2:06  Queen  
  21  2:08  Queen  
  25  2:13  Drone x2  
  27  2:18  Drone  
  28  2:23  Drone  
  28  2:29  Drone  
  30  2:32  Zergling x2  
  31  2:43  Queen  
  32  2:46  Queen  
  34  2:54  Overlord  
  34  2:55  Drone x3  
  37  3:00  Overlord  
  37  3:01  Queen  
  39  3:06  Extractor  
  39  3:07  Extractor  
  39  3:12  Roach Warren  
  36  3:18  Queen  
  37  3:23  Drone x2  
  37  3:30  Zergling x4  
  27  3:53  Roach  
  27  3:54  Drone x3  
  27  3:55  Drone  
  34  4:03  Drone  
  34  4:08  Drone  
  32  4:12  Drone x2  
  34  4:19  Ravager  
  34  4:21  Roach  
  37  4:34  Roach  
  36  4:40  Drone  
  36  4:41  Drone x2  
  36  4:44  Ravager  
  40  4:50  Drone x3  
  42  5:10  Drone x4  
  46  5:18  Drone  
  46  5:19  Drone x5  
  52  5:31  Overlord  
  52  5:43  Overlord  
  52  5:45  Hatchery  
  52  5:46  Ravager  
  52  5:51  Drone x4  
  56  6:02  Drone x2  
  56  6:03  Drone  
  59  6:06  Drone  
  60  6:13  Drone  
  60  6:14  Drone  
  62  6:19  Lair  
  62  6:20  Extractor  
  62  6:21  Evolution Chamber  
  62  6:22  Evolution Chamber, Extractor  
  56  6:27  Drone x7  
  65  6:32  Roach  
  65  6:37  Roach  
  67  6:43  Overlord  
  67  6:49  Zerg Ground Armor Level 1  
  67  6:56  Drone x4  
  67  6:58  Baneling Nest  
  67  7:01  Ravager x2  
  72  7:04  Drone x3  
  75  7:13  Overlord  
  75  7:14  Overlord  
  75  7:16  Roach x3  
  75  7:21  Roach  
  80  7:25  Glial Reconstitution  
  77  7:37  Roach x5  
  78  7:48  Roach x7  
  70  7:53  Roach  
  70  7:54  Roach x3  
  65  8:03  Drone x3  
  65  8:05  Ravager  
  68  8:10  Drone  
  69  8:20  Spire  
  68  8:31  Drone x4  
  72  8:41  Drone x3  
  66  8:50  Drone x4  
  66  8:55  Drone x2  
  68  9:04  Drone x3  
  71  9:12  Drone x2  
  73  9:17  Drone x2  
  73  9:21  Ravager  
  73  9:22  Ravager x6  
  82  9:36  Drone  
  82  9:37  Drone x5  
  73  9:49  Drone x3  
Show
View Real Time Build Order
Export as new Build Order

DeMusliM Terran - Winner!

Build Orders: MMM Bio 

Get SALT Encoding   

  12  0:00  SCV  
  13  0:12  SCV  
  14  0:17  Supply Depot  
  14  0:24  SCV  
  14  0:27  Refinery  
  15  0:42  Barracks  
  15  0:45  SCV  
  17  0:57  SCV  
  17  1:02  Barracks  
  17  1:15  Barracks  
  17  1:20  SCV  
  18  1:29  Reaper  
  19  1:38  Orbital Command  
  19  1:50  Reaper  
  19  1:53  Supply Depot  
  20  1:58  Refinery  
  20  2:01  Reaper  
  20  2:05  Reaper  
  22  2:12  SCV  
  24  2:22  Reaper  
  24  2:25  SCV  
  25  2:35  Reaper  
  27  2:37  SCV  
  27  2:46  Reaper  
  27  2:49  SCV  
  29  2:54  Reaper  
  30  3:00  Supply Depot  
  30  3:01  SCV  
  31  3:21  Reaper x2  
  33  3:29  Reaper  
  33  3:33  Command Center  
  33  3:53  Reaper x2  
  33  3:59  SCV  
  33  4:01  Reaper  
  35  4:08  Command Center  
  35  4:11  SCV  
  35  4:15  Supply Depot  
  36  4:19  Engineering Bay  
  36  4:23  SCV  
  37  4:35  SCV  
  37  4:36  Barracks Tech Lab  
  37  4:37  Barracks Reactor, Barracks Tech Lab  
  36  4:45  Factory  
  36  4:46  Terran Infantry Weapons Level 1  
  36  4:47  SCV  
  36  4:49  Orbital Command  
  37  4:59  SCV  
  37  5:03  Marauder x2  
  38  5:13  Stimpack  
  36  5:14  SCV  
  36  5:16  SCV  
  36  5:17  Refinery, Marine x2  
  40  5:24  Marine  
  40  5:25  Marine  
  40  5:26  SCV  
  40  5:27  Orbital Command  
  43  5:30  Starport  
  43  5:32  SCV  
  44  5:41  SCV  
  44  5:42  Marine x2  
  45  5:43  Marine x2  
  45  5:44  SCV  
  45  5:45  Factory Reactor  
  50  5:53  SCV, Combat Shields  
  50  5:55  SCV  
  52  6:00  Marine x2  
  52  6:01  SCV  
  52  6:04  Marine x2  
  56  6:05  SCV  
  56  6:07  SCV, Supply Depot  
  59  6:13  SCV  
  59  6:17  SCV  
  61  6:21  Orbital Command  
  62  6:25  Marine  
  62  6:26  Marauder x2, Marine  
  62  6:31  Medivac x2  
  71  6:34  Barracks  
  71  6:36  SCV  
  71  6:38  SCV, Barracks  
  73  6:43  Terran Infantry Armor Level 1  
  73  6:44  Marine x2  
  74  6:49  SCV x2  
  74  6:50  SCV  
  74  6:53  Refinery  
  77  6:56  Supply Depot  
  77  6:57  Marine  
  78  7:01  Medivac  
  78  7:03  Marine  
  78  7:05  Medivac  
  83  7:11  SCV  
  83  7:13  Supply Depot  
  83  7:14  Supply Depot  
  84  7:22  Marauder, Marine  
  87  7:23  Marauder, Marine  
  87  7:25  Barracks Reactor  
  90  7:31  Medivac  
  89  7:47  Marauder, Marine x2  
  89  7:48  Medivac, Marauder  
  90  7:54  Marine  
  85  8:00  Barracks x2  
  85  8:01  Barracks, Medivac  
  85  8:05  SCV, Marine x2  
  88  8:06  SCV  
  88  8:09  Marauder x2  
  88  8:11  Marine x3  
  96  8:15  SCV  
  96  8:18  SCV x2  
  99  8:20  Medivac  
  99  8:22  Barracks  
  99  8:23  Marine x2  
  99  8:27  SCV  
  104  8:28  Armory  
  104  8:29  Marine  
  104  8:30  Marauder x2  
  104  8:31  Marine  
  109  8:37  Marine  
  109  8:46  Marine  
  109  8:47  Medivac  
  109  8:50  Marine  
  109  8:53  Marine  
  108  8:57  Supply Depot x2  
  108  8:58  Marine, Marauder  
  108  9:00  Marauder  
  111  9:05  Marine  
  111  9:06  Medivac  
  111  9:09  Marine  
  115  9:15  Supply Depot  
  115  9:16  Supply Depot, Engineering Bay, Marine x2  
  117  9:17  Barracks Tech Lab x2  
  117  9:18  Marine  
  117  9:19  Marauder  
  117  9:22  Marauder  
  122  9:24  Marine  
  122  9:29  Marine x2  
  124  9:34  Marine x3  
  124  9:35  Medivac  
  124  9:36  Marine  
  130  9:41  Marauder  
  130  9:43  Marine x2, Marauder  
  130  9:44  Marauder  
Tags
 
Add a new tag
Caveats
  • Supply blocks, unpowered buildings, or Contaminate may cause inaccurate times.
  • Supply counts are checked every 10 seconds.